 Dungeon Crawl Stone Soup version 0.30-a0-739-gea05faddec (webtiles) character file.

Game seed: 60129343543258259

41 ParallaxScroll the Ruffian (level 3, 0/30 HPs)
             Began as a Minotaur Transmuter on Feb 5, 2023.
             Succumbed to a scorpion's poison
             ... on level 3 of the Dungeon.
             The game lasted 00:11:34 (1981 turns).

ParallaxScroll the Ruffian (Minotaur Transmuter)    Turns: 1981, Time: 00:11:35

Health: 0/30       AC: 14    Str: 20    XL:     3   Next: 32%
Magic:  4/4        EV:  7    Int:  9    God:
Gold:   95         SH:  4    Dex:  9    Spells: 1/4 levels left

rFire   + . .      SeeInvis .    a - +3 war axe
rCold   + . .      Faith    .    (no shield)
rNeg    . . .      Spirit   .    t - +0 chain mail {rPois}
rPois   +          Reflect  .    p - +1 hat
rElec   +          Harm     .    (no cloak)
rCorr   +          Rampage  .    A - +0 pair of gloves
Will    .....                    (no boots) Stlth
                                 (no amulet)
HPRegen 0.25/turn                i - +4 ring of protection
MPRegen 0.09/turn                (no ring)

@: mighty, lethally poisoned (0 -> -2), resistant
A: horns 2, retaliatory headbutt, large bone plates 1, strong 1
a: no special abilities


You were on level 3 of the Dungeon.
You visited 1 branch of the dungeon, and saw 3 of its levels.

You collected 95 gold pieces.

Inventory:

Hand Weapons
 a - a +3 war axe (weapon)
 b - a +0 sling
 c - a +0 short sword
 d - a +0 dagger
 w - a +1 short sword of freezing
 C - a +0 battleaxe
Missiles
 e - 5 boomerangs (quivered)
 l - 6 stones
Armour
 k - a +0 robe
 p - a +1 hat (worn)
 q - a +0 leather armour
 t - a +0 chain mail of poison resistance (worn)
 A - a +0 pair of gloves (worn)
Magical Staves
 o - a staff of poison
Jewellery
 i - a +4 ring of protection (left hand)
Scrolls
 g - a scroll of torment
 r - a scroll of vulnerability {unknown}
 s - a scroll of teleportation {unknown}
 v - a scroll of noise {unknown}
 x - a scroll of blinking {unknown}
 y - a scroll of poison {unknown}
 B - a scroll of amnesia {unknown}
Potions
 h - 2 potions of brilliance
 u - a potion of resistance
 z - 3 potions of lignification


   Skills:
 - Level 2.5 Fighting
 - Level 1.9 Short Blades
 + Level 1.7 Axes
 - Level 2.1 Dodging
 - Level 3.2 Unarmed Combat
 - Level 1.3 Spellcasting
 - Level 1.5 Transmutations


You had one spell level left.
You knew the following spells:

 Your Spells              Type           Power      Damage    Failure   Level
a - Beastly Appendage     Tmut           6%         N/A       94%         1
b - Wereblood             Tmut           3%         N/A       98%         2

Your spell library contained the following spells:

 Spells                   Type           Power      Damage    Failure   Level
 Blink                    Tloc           0%         N/A       100%        2
 Lesser Beckoning         Tloc           0%         N/A       100%        2
 Momentum Strike          Conj/Tloc      0%         3d8       100%        2
 Spider Form              Tmut/Pois      2%         N/A       100%        3
 Ice Form                 Ice/Tmut       2%         N/A       100%        4


Dungeon Overview and Level Annotations

Branches:
Dungeon (3/15)

Altars:


Innate Abilities, Weirdness & Mutations

You have a pair of horns on your head.
You reflexively headbutt those who attack you in melee.
You are partially covered in large bone plates. (SH +4)
Your muscles are strong. (Str +4, Int/Dex -1)


Message History

You closely miss the scorpion. Your headbutt misses the scorpion.
The scorpion is moderately wounded.
The scorpion stings you.
The scorpion stings you but does no damage.
It was a potion of resistance.
You feel protected. The scorpion closely misses you.
It was a potion of mutation.
You feel extremely strange.
You feel stronger.
Large bone plates grow over parts of your arms.
The scorpion stings you but does no damage.
It was a potion of might.
You feel very mighty all of a sudden. The scorpion stings you.
You are lethally poisoned!
The scorpion poisons you!
The scorpion stings you but does no damage.
Okay, then.
Unknown command.
You aren't carrying any items that you can evoke.
As you read the scroll labelled ZOSKU CUTTOVEC, it crumbles to dust.
The scroll dissolves into smoke.
It was a scroll of fog.
* * * LOW HITPOINT WARNING * * *
You feel very sick.
The scorpion stings you but does no damage.
As you read the scroll labelled HAFALI BUACWE, it crumbles to dust.
You assume a fearsome visage.
The scorpion looks frightened!
It was a scroll of fear.
* * * LOW HITPOINT WARNING * * *
You feel very sick.
Okay, then.
* * * LOW HITPOINT WARNING * * *
You feel sick.
* * * LOW HITPOINT WARNING * * *
You feel sick.
* * * LOW HITPOINT WARNING * * *
You feel sick.
* * * LOW HITPOINT WARNING * * *
You feel sick.
You die...

.....# ####.# # #.########## #
#..........# #
#..........####### #
#.........>'.....# #
#..........##.##.# #
##........<.....#.# ... #
#....###.##†#.@.#.# .... #
#...............#.######.... #
#....###+##.#...§.#.........
###.......†...###.§§#§........
..............# ##§§§§§.......
.#.#.........## #.§§§§s......
.#.#.........+.....§#§§§......
.#.#.........#########§§......
.#.#.........# #..<.#...


There were no monsters in sight!

Vanquished Creatures
  3 worms (D:2)
  3 ball pythons
  3 bats
  An endoplasm (D:1)
  A giant cockroach (D:2)
  4 hobgoblins (D:1)
  3 jackals
  A frilled lizard (D:1)
  5 goblins
  5 kobolds (D:1)
  2 rats
31 creatures vanquished.

Notes
Turn   | Place    | Note
-------+----------+-------------------------------------------
     0 | D:1      | ParallaxScroll the Minotaur Transmuter began the quest for
                  | the Orb.
     0 | D:1      | Reached XP level 1. HP: 16/16 MP: 1/1
   435 | D:1      | Reached XP level 2. HP: 25/25 MP: 0/3
   438 | D:1      | Learned a level 2 spell: Wereblood
   668 | D:1      | Reached skill level 1 in Short Blades
  1395 | D:2      | Reached XP level 3. HP: 30/30 MP: 4/4
  1459 | D:2      | Reached skill level 1 in Axes
  1959 | D:3      | Noticed a scorpion
  1973 | D:3      | Gained mutation: Your muscles are strong. (Str +4, Int/Dex
                  | -1) [potion of mutation]
  1973 | D:3      | Gained mutation: You are partially covered in large bone
                  | plates. (SH +4) [potion of mutation]
  1980 | D:3      | HP: 1/30 [poisoned by a scorpion]
  1981 | D:3      | Succumbed to a scorpion's poison

Illustrated notes

Levels and vault maps discovered:
D:1:      lemuel_arrival_river_ford, layout_basic, minmay_indecisive_spiral
D:2:      minmay_wonky_spiral, layout_basic, serial_rivers,
          chequers_serial_rivers_large_a, chequers_serial_rivers_marsh,
          chequers_serial_rivers_small_a, chequers_serial_rivers_room_b,
          chequers_serial_rivers_marsh, chequers_serial_rivers_micro_c
D:3:      layout_basic, corexii_hall_statues_i, minmay_statues_item,
          pf_guarded_unrand_delatra, uniq_terence

Skill      XL: |  1  2  3 |
---------------+----------+-----
Fighting       | 2 |  2.5
Short Blades   | 1 |  1.9
Axes           | 1 |  1.7
Dodging        | |  2.1
Unarmed Combat | |  3.2
Spellcasting   | |  1.3
Transmutations | |  1.5

Action                     || total
---------------------------++-------
  Melee: Unarmed           ||    16
         Short sword       ||    32
         Kick              ||    10
         Headbutt          ||     4
         Battleaxe         ||    16
         Punch             ||     1
         War axe           ||     8
  Throw: Boomerang         ||    20
   Cast: Beastly Appendage ||    11
    Use: Scroll            ||     5
         Potion            ||     3
 Armour: Robe              ||     4
         Chain mail        ||    21
         Leather armour    ||     2
  Dodge: Dodged            ||    24

Table legend: (Time is in decaauts)
 A = Elapsed time spent in this place.
 B = Non-inter-level travel time spent in this place.
 C = Inter-level travel time spent in this place.
 D = Time resting spent in this place.
 E = Time spent auto-exploring this place.
 F = Levels seen in this place.
 G = Mean time per level.
                   A        B        C        D        E       F      G
               +--------+--------+--------+--------+--------+-----+--------+
         Total |   2019 |   1959 |     60 |    263 |   1357 |   3 |  673.0 |
       Dungeon |   2019 |   1959 |     60 |    263 |   1357 |   3 |  673.0 |
               +--------+--------+--------+--------+--------+-----+--------+

Top non-repeatable levels by time:
     D:1: 1019 daAuts
     D:2: 897 daAuts
     D:3: 102 daAuts
